 Dungeon Crawl Stone Soup version 0.21-a0-538-gd16b88a (webtiles) character file.

20913 Madydog the Blocker (level 12, -6/110 HPs)
             Began as a Minotaur Berserker on Dec 14, 2017.
             Was a High Priest of Trog.
             Mangled by a death knight
             ... wielding a +0 glaive
              (16 damage)
             ... on level 12 of the Dungeon on Dec 16, 2017.
             The game lasted 00:50:30 (13628 turns).

Madydog the Blocker (Minotaur Berserker)           Turns: 13628, Time: 00:50:30

Health: -6/110     AC: 17    Str: 28    XL:     12   Next: 49%
Magic:  11/11      EV: 11    Int:  4    God:    Trog [*****.]
Gold:   616        SH: 16    Dex:  9    Spells: 11/11 levels left

rFire    + . .     SeeInvis .   h - +8 long sword
rCold    x . .     Gourm    .   I - +3 shield
rNeg     . . .     Faith    .   D - +0 plate armour
rPois    .         Spirit   .   (helmet restricted)
rElec    .         Reflect  .   (no cloak)
rCorr    .         Harm     .   F - +0 pair of gloves
MR       .....                  (no boots)
Stlth    ..........             s - amulet of magic regeneration
HPRegen  0.28/turn              f - ring of fire
MPRegen  0.37/turn              (no ring)

@: slowed, very slow
A: retaliatory headbutt, horns 2
a: Berserk, Trog's Hand, Brothers in Arms, Burn Spellbooks, Renounce Religion


You were on level 12 of the Dungeon.
You worshipped Trog.
Trog was extremely pleased with you.
You were not hungry.

You visited 2 branches of the dungeon, and saw 13 of its levels.

You collected 616 gold pieces.

Inventory:

Hand Weapons
 h - a +8 long sword (weapon)
 p - the +2 rapier of the Saviour {drain, +Fly}
   (You acquired it on level 8 of the Dungeon)

   A truly terrible weapon, it drains the life of those it strikes.
   It lets you fly.
 A - a +1 trident of venom
 J - a +1 glaive of chopping
 M - a +0 dire flail of protection
 P - a +5 antimagic spear
 Q - a +0 long sword of slicing
Missiles
 H - 2 tomahawks of returning (quivered)
Armour
 t - a +0 chain mail
 D - a +0 plate armour (worn)
 F - a +0 pair of gloves (worn)
 I - a +3 shield (worn)
Jewellery
 f - a ring of fire (left hand)
 s - an amulet of magic regeneration (around neck)
 x - an uncursed ring of protection from magic {unknown}
 L - an uncursed ring of wizardry {unknown}
Wands
 N - a wand of paralysis (10)
Scrolls
 e - 3 scrolls of fog
 g - 2 scrolls of remove curse
 i - 6 scrolls of immolation
 o - 6 scrolls of teleportation
 r - a scroll of fear
 w - 4 scrolls of blinking
 y - 3 scrolls of magic mapping
 C - 2 scrolls of vulnerability {unknown}
 G - 2 scrolls of summoning {unknown}
Potions
 a - a potion of berserk rage {unknown}
 d - a potion of heal wounds {unknown}
 j - 2 potions of haste
 k - 5 potions of curing
 m - 5 potions of might
 n - 2 potions of agility
 q - a potion of brilliance
 v - 3 potions of mutation
 B - a potion of ambrosia {unknown}
 E - a potion of resistance {unknown}
 K - 2 potions of lignification {unknown}
 O - a potion of flight {unknown}
Miscellaneous
 b - a lamp of fire
Comestibles
 c - 7 bread rations
 l - 10 royal jellies
 u - 4 meat rations
 z - 4 fruits


   Skills:
 * Level 11.6 Fighting
 - Level 7.2 Long Blades
 + Level 0.9 Maces & Flails
 * Level 7.8 Polearms
 * Level 12.4 Armour
 * Level 7.9 Dodging
 - Level 1.1 Stealth
 * Level 13.0 Shields


You had 11 spell levels left.
You didn't know any spells.

Dungeon Overview and Level Annotations

Branches:
Dungeon (12/15)            Temple (1/1) D:7            Lair (0/6) D:8
    Orc (0/2) D:11

Altars:
Ashenzari
Elyvilon
Fedhas
Hepliaklqana
Makhleb
Ru
Trog
Zin

Shops:
D:6 =   D:7 [


Innate Abilities, Weirdness & Mutations

You reflexively headbutt those who attack you in melee.
You have a pair of horns on your head.


Message History

You block the death knight's attack.
There is an open door here.
The death knight mumbles some strange prayers to Yredelemnul against you.
Your body is wracked with pain!
* * * LOW HITPOINT WARNING * * *
The death knight's dark mirror aura disappears.
The death knight calls down the wrath of Yredelemnul upon you.
Your body is wracked with pain!
* * * LOW HITPOINT WARNING * * *
There is an open door here.
You block the death knight's attack. The death knight closely misses you.
There is an open door here.
You recover from your berserk rage.
You block the death knight's attack.
There is an open door here.
The death knight mumbles some strange prayers to Yredelemnul against you.
You struggle to resist.
The death knight hits you from afar with a glaive!
You die...

######## ######
#......# #....#
#......# #....#
#......## #....####
#......'.
+....'..#####....<.##
#...@##.....'......##
#....########>.....#
#...p# ###'####
###'## #.# #..# #.###
##.# #...# #.# ###p#
####'##### #.#
####........#
####'###


You could see a death knight.

Vanquished Creatures
  The ghost of crub the Blocker, a journeyman MiFi of Okawaru (D:12)
  Erolcha (D:11)
  Harold (D:10)
  6 two-headed ogres
  A skeletal warrior (D:12)
  An ugly thing (D:12)
  A deep elf mage (D:12)
  A cyclops (D:12)
  Psyche (D:8)
  A freezing wraith (D:12)
  A komodo dragon (D:10)
  3 kobold demonologists (D:11)
  3 trolls
  A hornet (D:10)
  Sigmund (D:2)
  A hippogriff (D:9)
  2 wyverns
  6 yaks (D:8)
  A shadow (D:12)
  2 vampires
  2 wraiths (D:12)
  8 humans (D:8)
  4 hungry ghosts
  Menkaure (D:5)
  A water moccasin (D:10)
  3 ice beasts
  9 orc warriors
  A necrophage (D:11)
  A black bear (D:6)
  An eye of draining (D:10)
  4 sky beasts
  3 ogres
  A centaur (D:9)
  3 crocodiles
  5 big kobolds
  6 bullfrogs
  A gnoll sergeant (D:10)
  4 scorpions
  9 killer bees
  8 wights
  4 electric eels
  A howler monkey (D:9)
  8 crimson imps
  A centaur zombie (D:10)
  6 jellies
  7 orc priests
  2 bullfrog zombies
  10 hounds
  A quasit (D:11)
  4 bullfrog skeletons
  3 centaur skeletons
  10 orc wizards
  7 worker ants
  An iguana (D:9)
  A worker ant zombie (D:10)
  A howler monkey skeleton (D:11)
  15 adders
  5 gnolls (D:10)
  A shadow imp (D:10)
  An adder zombie (D:9)
  5 oozes (D:10)
  An adder skeleton (D:6)
  A worm (D:2)
  2 dart slugs (D:1)
  3 leopard geckos
  45 orcs
  2 giant cockroaches
  7 goblins
  6 hobgoblins
  10 jackals
  7 quokkas
  A ball python (D:3)
  8 bats
  A frilled lizard (D:1)
  A jackal skeleton (D:4)
  14 kobolds
  A quokka zombie (D:5)
  7 rats
322 creatures vanquished.

Vanquished Creatures (others)
  An orc wizard (D:12)
  A kobold (D:11)
2 creatures vanquished.

Grand Total: 324 creatures vanquished

Notes
Turn   | Place    | Note
-------+----------+-------------------------------------------
     0 | D:1      | Madydog the Minotaur Berserker began the quest for the Orb.
     0 | D:1      | Reached XP level 1. HP: 19/19 MP: 0/0
   234 | D:1      | Reached XP level 2. HP: 23/27 MP: 1/1
   727 | D:2      | Reached XP level 3. HP: 33/33 MP: 2/2
   730 | D:2      | Noticed Sigmund
   737 | D:2      | Killed Sigmund
   737 | D:2      | Reached skill level 5 in Fighting
   737 | D:2      | Reached skill level 5 in Long Blades
   737 | D:2      | Reached XP level 4. HP: 28/42 MP: 3/3
   737 | D:2      | Reached XP level 5. HP: 32/48 MP: 4/4
   960 | D:2      | Reached ** piety under Trog
  1326 | D:2      | Found a blossoming altar of Fedhas.
  1755 | D:3      | Upgraded the game from 0.21-a0-536-gdbbf329 to 0.21-a0-538-gd16b88a
  1846 | D:3      | Reached XP level 6. HP: 56/56 MP: 5/5
  1869 | D:3      | Found a white marble altar of Elyvilon.
  2343 | D:4      | Noticed a sky beast
  2354 | D:4      | Killed a sky beast
  2354 | D:4      | Reached skill level 1 in Stealth
  2457 | D:4      | Found a bloodstained altar of Trog.
  2621 | D:4      | Reached skill level 1 in Shields
  2754 | D:4      | Found a burning altar of Makhleb.
  2997 | D:4      | Reached *** piety under Trog
  3142 | D:5      | Entered Level 5 of the Dungeon
  3170 | D:5      | Reached XP level 7. HP: 60/63 MP: 6/6
  3185 | D:5      | Noticed Menkaure
  3192 | D:5      | Killed Menkaure
  3466 | D:5      | Noticed a hungry ghost
  3490 | D:5      | Killed a hungry ghost
  3490 | D:5      | Reached skill level 2 in Shields
  3499 | D:5      | HP: 2/64 [poisoned by an orc]
  3844 | D:5      | Reached skill level 3 in Shields
  4444 | D:6      | Reached XP level 8. HP: 62/71 MP: 7/7
  4535 | D:6      | Found Kileun's Jewellery Shop.
  4565 | D:6      | Reached skill level 1 in Polearms
  4584 | D:6      | Reached skill level 5 in Armour
  4639 | D:6      | Reached skill level 4 in Shields
  4771 | D:6      | Found a sacrificial altar of Ru.
  4771 | D:6      | Found a bloodstained altar of Trog.
  5478 | D:6      | Received a gift from Trog
  5521 | D:7      | Reached skill level 5 in Shields
  5796 | D:7      | Reached **** piety under Trog
  5796 | D:7      | Reached XP level 9. HP: 79/79 MP: 8/8
  5799 | D:7      | Reached skill level 6 in Shields
  5818 | D:7      | Reached skill level 5 in Dodging
  6204 | D:7      | Found Ufuxufozxi's Antique Armour Shoppe.
  6217 | D:7      | Found a glowing silver altar of Zin.
  6224 | D:7      | Found a shattered altar of Ashenzari.
  6536 | D:7      | Found a staircase to the Ecumenical Temple.
  6545 | Temple   | Entered the Ecumenical Temple
  6681 | D:8      | Found a runed door.
  6758 | D:8      | Found a runed door.
  6820 | D:8      | Reached skill level 7 in Shields
  6826 | D:8      | Found a staircase to the Lair.
  7055 | D:8      | Identified a scroll of acquirement
  7062 | D:8      | Got a shimmering rapier
  7063 | D:8      | Identified the +2 rapier of the Saviour {drain, +Fly} (You acquired it on level 8 of the Dungeon)
  7135 | D:8      | Found a runed door.
  7225 | D:8      | Noticed a two-headed ogre
  7233 | D:8      | Killed a two-headed ogre
  7233 | D:8      | Reached skill level 8 in Shields
  7310 | D:8      | Reached skill level 5 in Polearms
  7516 | D:8      | Noticed Psyche
  7532 | D:8      | Reached XP level 10. HP: 86/90 MP: 9/9
  7550 | D:8      | Reached ***** piety under Trog
  7567 | D:8      | Reached skill level 9 in Shields
  7574 | D:8      | Found a runed door.
  7585 | D:8      | Killed Psyche
  7763 | D:8      | Found a runed door.
  7814 | D:8      | Found a runed door.
  7818 | D:8      | Found a runed door.
  7819 | D:8      | Found a runed door.
  7916 | D:9      | Noticed a two-headed ogre
  7942 | D:9      | Killed a two-headed ogre
  7942 | D:9      | Reached skill level 10 in Shields
  8768 | D:10     | Entered Level 10 of the Dungeon
  8775 | D:10     | Reached skill level 10 in Armour
  8778 | D:10     | Reached XP level 11. HP: 99/99 MP: 10/10
  8929 | D:10     | Received a gift from Trog
  8968 | D:10     | Noticed a two-headed ogre
  8982 | D:10     | Killed a two-headed ogre
  8982 | D:10     | Reached skill level 10 in Fighting
  9310 | D:10     | Noticed Harold
  9319 | D:10     | Killed Harold
  9319 | D:10     | Reached skill level 11 in Shields
 10388 | D:11     | Noticed Erolcha
 10396 | D:11     | Killed Erolcha
 11065 | D:11     | Found a staircase to the Orcish Mines.
 11237 | D:11     | Received a gift from Trog
 11760 | D:11     | Noticed a two-headed ogre
 11765 | D:11     | Killed a two-headed ogre
 11912 | D:11     | Noticed a sun demon
 11912 | D:11     | Reached skill level 12 in Shields
 12351 | D:11     | Noticed a two-headed ogre
 12357 | D:11     | Killed a two-headed ogre
 12357 | D:11     | Reached XP level 12. HP: 88/110 MP: 11/11
 12834 | D:12     | Noticed a two-headed ogre
 12846 | D:12     | Killed a two-headed ogre
 12933 | D:12     | Noticed crub's ghost (journeyman MiFi)
 12946 | D:12     | Killed crub's ghost
 13551 | D:12     | Noticed a death knight
 13580 | D:12     | Reached skill level 13 in Shields
 13616 | D:12     | HP: 5/110 [??? (2)]
 13628 | D:12     | Mangled by a death knight

Vault maps used:
D:1:      minmay_arrival_five_plusses
D:2:      dk_noncrumbling_4, fedhas_altar_4, uniq_sigmund
D:3:      old_standard_altar, first_bread
D:4:      nicolae_overflow_crystal_walls, bloody_trog
D:5:      uniq_menkaure
D:6:      gammafunk_temple_overflow_statue, serial_shops, shop,
          kennysheep_generic_room_4
D:7:      kennysheep_spiral_hall, lemuel_crystal_altar, kennysheep_little_box,
          minmay_temple_entry_poolview, kennysheep_small_square
D:8:      erik_cavepeople, lair_entry_dummy
D:10:     wad_crossroads, hangedman_little_slice_of_home, uniq_harold
D:11:     erik_orc_2, uniq_erolcha
D:12:     serial_shops, shop_statue, portal_ice_cave_entry_pillars_1
Temple:   eino_temple_scatter_basement

Skill      XL: |  1  2  3  4  5  6  7  8  9 10 11 12 |
---------------+-------------------------------------+-----
Long Blades    | 4 5 6 7 |  7.2
Fighting       | 4 5 6 7 8 9 11 | 11.6
Dodging        | 3 4 5 6 7 |  7.9
Armour         | 3 4 6 8 10 11 12 | 12.4
Stealth        | 1 |  1.1
Shields        | 1 3 5 8 10 12 13 | 13.0
Polearms       | 4 5 6 7 |  7.8
Maces & Flails | |  0.9

Action                   |  1- 3 |  4- 6 |  7- 9 | 10-12 || total
-------------------------+-------+-------+-------+-------++-------
Melee: Falchion          |    46 |   129 |    33 |       ||   208
       Headbutt          |     5 |    31 |    64 |   119 ||   219
       Trident           |       |       |   119 |       ||   119
       Long sword        |       |       |   185 |   561 ||   746
       Dire flail        |       |       |       |     2 ||     2
Invok: Berserk           |     1 |       |     2 |     5 ||     8
       Burn Spellbooks   |       |       |       |     1 ||     1
  Use: Scroll            |       |       |    24 |     3 ||    27
       Potion            |       |       |     2 |     1 ||     3
 Stab: Sleeping          |       |     1 |       |       ||     1
  Eat: Chunk             |       |     7 |    13 |    10 ||    30
       Bread ration      |       |       |     2 |     2 ||     4
       Royal jelly       |       |       |     1 |     5 ||     6
Armor: Animal skin       |     5 |     4 |       |       ||     9
       Chain mail        |       |    52 |   121 |    77 ||   250
       Plate armour      |       |       |       |    82 ||    82
Dodge: Dodged            |    33 |    44 |    70 |   136 ||   283
Block: Large shield      |       |    20 |   231 |       ||   251
       Shield            |       |       |    46 |   401 ||   447
       Rpst.: Falchion   |     7 |    13 |       |       ||    20
       Long sword        |       |       |     8 |    33 ||    41

Table legend:
 A = Spawn XP
 B = Non-spawn XP
 C = Spawn XP percentage of total XP
 D = Spawn monster count
 E = Non-spawn monster count
 F = Spawn count percentage of total count
 G = Total turns spent on level
                    A         B        C        D         E        F      G
               +---------+---------+-------+---------+---------+-------+---------
         Total |       0 |   29876 |   0.0 |       0 |     322 |   0.0 | 13628
               +---------+---------+-------+---------+---------+-------+---------
           D:1 |       0 |      37 |   0.0 |       0 |      19 |   0.0 |   640
           D:2 |       0 |     274 |   0.0 |       0 |      12 |   0.0 |   972
           D:3 |       0 |     112 |   0.0 |       0 |      28 |   0.0 |   720
           D:4 |       0 |     296 |   0.0 |       0 |       8 |   0.0 |   810
           D:5 |       0 |     650 |   0.0 |       0 |      11 |   0.0 |  1240
           D:6 |       0 |     944 |   0.0 |       0 |      32 |   0.0 |  1103
           D:7 |       0 |    1193 |   0.0 |       0 |      23 |   0.0 |  1075
           D:8 |       0 |    5074 |   0.0 |       0 |      46 |   0.0 |  1319
           D:9 |       0 |    2258 |   0.0 |       0 |      24 |   0.0 |   883
          D:10 |       0 |    4871 |   0.0 |       0 |      48 |   0.0 |  1586
          D:11 |       0 |    7238 |   0.0 |       0 |      49 |   0.0 |  2429
          D:12 |       0 |    6929 |   0.0 |       0 |      22 |   0.0 |   845
               +---------+---------+-------+---------+---------+-------+---------
